 Dungeon Crawl Stone Soup version 0.19-a0-1025-g778f431 (webtiles) character file.

469519 seren the Lord of Darkness (level 23, -3/181 HPs)
             Began as a Demonspawn Ice Elementalist on June 29, 2016.
             Was the Champion of Kikubaaqudgha.
             Slain by a bennu (17 damage)
             ... on level 1 of the Tomb of the Ancients on July 28, 2016.
             The game lasted 18:25:56 (106735 turns).

seren the Lord of Darkness (DsIE)                 Turns: 106735, Time: 18:25:58

Health: -3/181     AC: 19    Str: 18    XL:     23   Next: 51%
Magic:  0/50       EV: 23    Int: 29    God:    Kikubaaqudgha [******]
Gold:   2384       SH:  8    Dex: 15    Spells: 12 memorised, 2 levels left

rFire  + . .     SeeInvis +     p - +0 demon whip (pain)
rCold  + + .     Gourm    .     s - +0 faerie dragon armour {rF+ rC+ Int+2 SInv}
rNeg   . . .     Faith    .     S - +3 buckler {AC+3}
rPois  +         Spirit   +     F - +2 helmet
rElec  .         Dismiss  +     v - +2 cloak {+Inv}
rCorr  .         Reflect  .     (gloves unavailable)
SustAt .         Harm     .     Q - +0 pair of boots {run}
MR     +....                    j - amulet of Symmetry {Dismiss rPois rC+ Str+4}
Stlth  +.........               z - ring of Vaimiygh {rPois MP+9 Str+5 Int+2}
                                y - ring of wizardry

@: regenerating, repel missiles, quick, somewhat resistant to hostile
enchantments, very unstealthy
A: claws 3, repulsion field 3, foul stench 2, augmentation 2, magic shield,
magic regeneration, rot immunity
a: Receive Corpses, Torment, Renounce Religion, Evoke Invisibility
}: 2/15 runes: barnacled, gossamer


You were on level 1 of the Tomb of the Ancients.
You worshipped Kikubaaqudgha.
Kikubaaqudgha was exalted by your worship.
You were hungry.

You visited 10 branches of the dungeon, and saw 45 of its levels.

You collected 5269 gold pieces.
You spent 2885 gold pieces at shops.

Inventory:

Hand Weapons
 m - the +7 dagger "Qouf" {freeze, rPois rN++ MP+9 Dex+3}
   (You found it on level 5 of the Dungeon)

   It has been specially enchanted to freeze those struck by it, causing extra
   injury to most foes and up to half again as much damage against particularly
   susceptible opponents.
   It can also slow down cold-blooded creatures.
   It affects your dexterity (+3).
   It protects you from poison.
   It greatly protects you from negative energy.
   It affects your magic capacity (+9).
 n - a +0 antimagic demon whip
 p - a +0 demon whip of pain (weapon)
 x - the +1 long sword "Udusouq" {slice, rF+ Str+2 Int+5}
   (You found it on level 5 of the Depths)

   It inflicts extra damage upon your enemies.
   It affects your strength (+2).
   It affects your intelligence (+5).
   It protects you from fire.
 R - the +9 dagger of Chilly Death {flash freeze, rPois rF- rC++ MR+}
   (You found it on level 4 of the Lair of Beasts)

   It has been specially enchanted to freeze those struck by it, causing extra
   injury to most foes and up to half again as much damage against particularly
   susceptible opponents.
   It can also slow down cold-blooded creatures.
   It makes you vulnerable to fire.
   It greatly protects you from cold.
   It protects you from poison.
   It affects your resistance to hostile enchantments.
Armour
 c - a +3 leather armour of magic resistance
 s - the +0 faerie dragon armour (worn) {rF+ rC+ Int+2 SInv}
   (You took it off the Enchantress on level 1 of the Depths)

   It affects your intelligence (+2).
   It protects you from fire.
   It protects you from cold.
   It lets you see invisible.
 v - a +2 cloak of invisibility (worn)
 F - a +2 helmet (worn)
 Q - a +0 pair of boots of running (worn)
 S - a +3 buckler of protection (worn)
Magical Staves
 a - an uncursed staff of wizardry
 d - an uncursed staff of death
 e - an uncursed staff of energy
Rods
 D - a +6 rod of inaccuracy (13/13)
   (You found it on level 2 of the Depths)
Jewellery
 j - the amulet of Symmetry (around neck) {Dismiss rPois rC+ Str+4}
   (You found it on level 5 of the Lair of Beasts)

   [amulet of dismissal]

   It may teleport away creatures that harm you.
   It affects your strength (+4).
   It protects you from cold.
   It protects you from poison.
 r - an uncursed ring of protection from fire
 y - a ring of wizardry (left claw)
 z - the ring of Vaimiygh (right claw) {rPois MP+9 Str+5 Int+2}
   (You bought it in a shop on level 2 of the Orcish Mines)

   [ring of magical power]

   It affects your strength (+5).
   It affects your intelligence (+2).
   It protects you from poison.
   It affects your magic capacity (+9).
Wands
 w - a wand of disintegration (9/24)
 I - a wand of hasting (3/9)
 K - a wand of teleportation (4/9)
 P - a wand of digging (9/24)
 Z - a wand of teleportation (6/9)
Scrolls
 b - 2 scrolls of teleportation
 h - a scroll of summoning
 l - 16 scrolls of remove curse
 o - 2 scrolls of fog
 q - 10 scrolls of identify
 A - 4 scrolls of magic mapping
 C - a scroll of amnesia
 M - a scroll of enchant weapon
 N - 5 scrolls of recharging
 O - 2 scrolls of silence
 T - 2 scrolls of fear
Potions
 f - 2 potions of magic
 k - 4 potions of agility
 t - 5 potions of brilliance
 u - 13 potions of curing
 E - a potion of might
 H - 6 potions of haste
 V - 5 potions of heal wounds
 W - a potion of resistance
 Y - 2 potions of cancellation
Books
 L - a Necronomicon

   Spells                             Type                      Level
   a - Haunt                          Necromancy/Summoning         7
   b - Borgnjor's Revivification      Necromancy                   8
   c - Death's Door                   Charms/Necromancy            8
   d - Infestation                    Necromancy                   8
   e - Necromutation                  Transmutation/Necromancy     8
Miscellaneous
 i - 2 phantom mirrors
Comestibles
 g - 16 meat rations
 B - a beef jerky
 G - a bread ration
 J - 5 chunks of flesh


   Skills:
 - Level 15.0 Fighting
 - Level 13.0 Staves
 - Level 8.3 Armour
 - Level 11.0 Dodging
 - Level 1.7 Stealth
 - Level 4.0 Shields
 - Level 14.0 Spellcasting
 - Level 3.7 Conjurations
 - Level 11.0 Summonings
 + Level 22.8 Necromancy
 - Level 13.0 Transmutations
 - Level 13.3 Ice Magic
 - Level 5.0 Evocations


You had 2 spell levels left.
You knew the following spells:

 Your Spells              Type           Power        Failure   Level  Hunger
a - Apportation           Tloc           ###.......   1%          1    None
b - Summon Ice Beast      Ice/Summ       ######..     1%          4    None
c - Blink                 Tloc           N/A          2%          2    None
e - Ozocubu's Refrigerat  Ice            #######...   1%          6    ####...
f - Animate Dead          Necr           N/A          0%          4    None
h - Haunt                 Necr/Summ      #######...   1%          7    #####..
i - Throw Icicle          Conj/Ice       ######..     1%          4    None
n - Necromutation         Tmut/Necr      #######...   7%          8    #######
p - Passwall              Tmut/Erth      ######....   1%          2    None
r - Regeneration          Chrm/Necr      ######....   1%          3    None
s - Sublimation of Blood  Necr           ########..   0%          2    None
u - Dispel Undead         Necr           ########     0%          5    None


Dungeon Overview and Level Annotations

Branches:
Dungeon (15/15)            Temple (1/1) D:7            Lair (6/6) D:11
 Shoals (4/4) Lair:3       Spider (4/4) Lair:3        Slime (0/5) Lair:6
    Orc (2/2) D:12            Elf (0/3) Orc:2        Vaults (4/5) D:13
  Crypt (3/3) Vaults:3       Tomb (1/3) Crypt:3      Depths (5/5) D:15
    Zot (0/5) Depths:5

Altars:
Ashenzari
Cheibriados
Dithmenos
Elyvilon
Fedhas
Gozag
Hepliaklqana
Kikubaaqudgha
Makhleb
Nemelex Xobeh
Okawaru
Pakellas
Qazlal
Ru
Sif Muna
Trog
Uskayaw
Vehumet
Xom
Yredelemnul
Zin
The Shining One
Beogh

Shops:
D:9 (   D:11 *   D:13 (   Orc:2 *?(?}   Depths:1 *[[(   Depths:3 %

Portals:
Hell: Depths:1 Depths:2 Depths:3 Depths:4 Depths:5
Abyss: Depths:2 Depths:4
Pandemonium: Orc:2 Depths:3 Depths:5
Ziggurat: Depths:1

Annotations:
D:13 sonja has a dagger of distortion.., Sonja
D:14 exclusion: upstairs
Lair:6 catoblepas death yak
Shoals:3 kraken, exclusion: downstairs
Spider:1 exclusion: downstairs
Vaults:1 elf sorcerer 50%banish


Innate Abilities, Weirdness & Mutations

You have claws for hands.
You are surrounded by a strong repulsion field. (EV +4, RMsl)
You frequently emit foul miasma when damaged in melee.
Your magical and physical power is enhanced at high health.
When hurt, damage is shared between your health and your magic reserves.
You regenerate magic rapidly.
You are immune to rotting.


Message History

Your skin crawls.
The bennu pecks you.
* * * LOW HITPOINT WARNING * * *
The bennu sears you!!
* * * LOW HITPOINT WARNING * * *
You emit a cloud of foul miasma!
The bennu claws you!
* * * LOW HITPOINT WARNING * * *
You block the bennu's attack.
Casting: Regeneration
Confirm with . or Enter, or press ? or * to list all spells.
You don't have enough magic to cast that spell.
Unknown command.
Okay, then.
As you read the scroll of fear, it crumbles to dust.
You assume a fearsome visage.
The bennu resists with almost no effort.
The bennu pecks you.
* * * LOW HITPOINT WARNING * * *
The bennu sears you!!
You die...
Kikubaaqudgha rasps: "You have failed me!
Welcome... death!"

#.........#
#.........#
#.........#
#)........#
#.........#
#.........#
#.........#
#...b.....#
#...@.....#
#.........#
#.........#
#.........#
#.........#
#.........#
#.........#
#.........#
#.........#


You could see a bennu.

Vanquished Creatures
  An ancient lich (Crypt:3)
  A golden dragon (Depths:4)
  The ghost of WereVolvo the Minotaur Blade, an adept MiFi of the Shining One (Crypt:1)
  8 liches
  4 bone dragons
  A shard shrike zombie (Crypt:3)
  A quicksilver dragon (Depths:4)
  Frances (D:14)
  9 ancient champions (Crypt:3)
  3 revenants
  7 fire giants
  Ilsuiw (Shoals:4)
  2 frost giants
  4 ghost moths (Spider:4)
  3 vault wardens
  3 emperor scorpions (Spider:4)
  A reaper (Crypt:3)
  5 curse skulls
  7 ironheart preservers
  12 ghouls
  A draconian annihilator (Depths:5)
  4 very ugly things
  The ghost of Borgoz the Covert, a journeyman DsAs of Hepliaklqana (Orc:2)
  3 spriggan defenders (Depths:4)
  4 stone giants
  An entropy weaver (Spider:1)
  A bennu (Tomb:1)
  10 vampire knights
  The ghost of Yermak the Imperceptible, a journeyman SpGl of Hepliaklqana (Spider:4)
  A red draconian (Depths:5)
  2 eidola
  A merfolk javelineer (Shoals:4)
  6 spark wasps
  3 deep elf death magi
  7 ettins
  A mummy priest (Tomb:1)
  A deep elf high priest (Depths:4)
  8 jiangshi
  2 merfolk impalers (Shoals:4)
  8 fire dragons
  The ghost of Shenda the Fencer, a journeyman FoFi of Okawaru (D:14)
  Josephine (Lair:5)
  A yaktaur captain (Vaults:4)
  Harold (Lair:3)
  2 ice dragons
  5 vault guards
  3 hydras
  3 quicksilver dragon skeletons (Crypt:3)
  5 great orbs of eyes
  Erolcha (D:8)
  An alligator snapping turtle (Shoals:2)
  Erica (D:8)
  3 merfolk avatars
  4 death knights
  4 ogre magi
  A merfolk aquamancer (Shoals:3)
  4 death yaks
  12 death scarabs (Tomb:1)
  4 deep troll shamans
  3 deep troll earth magi
  2 tengu warriors
  8 vampire magi
  7 centaur warriors
  3 spriggan berserkers
  3 orc high priests (Orc:2)
  A soul eater (Crypt:2)
  2 deep elf knights
  A hell knight (Vaults:2)
  3 titan skeletons
  A shadow wraith (Crypt:3)
  A storm dragon zombie (Crypt:1)
  64 skeletal warriors
  3 storm dragon skeletons (Crypt:3)
  29 deep trolls
  10 flayed ghosts
  A wizard (D:14)
  3 sea snakes
  A gelid demonspawn (Orc:2)
  An infernal demonspawn (Depths:3)
  3 anubis guards (Tomb:1)
  A giant orange brain (shapeshifter) (Depths:5)
  3 unseen horrors
  10 phantasmal warriors
  2 deep elf archers
  2 hill giants
  Pikel (D:3)
  2 stone giant zombies
  An anaconda skeleton (Crypt:3)
  A torturous demonspawn (Orc:2)
  7 orc knights
  A shadow dragon skeleton (Crypt:3)
  10 harpies
  2 orb spiders (Spider:3)
  15 wolf spiders
  4 ironbrand convokers
  7 necromancers
  3 hornets (Spider:4)
  7 orc sorcerers
  11 deep elf magi
  23 ugly things
  7 griffons
  2 cyclopes
  2 manticores
  3 fire giant skeletons
  A human skeleton (Vaults:2)
  A moth of wrath (Spider:2)
  A black mamba (Lair:5)
  3 centaur zombies
  3 rust devils
  7 elephants
  3 vault sentinels
  2 frost giant skeletons
  A stone giant skeleton (Crypt:3)
  2 water nymphs
  A shock serpent zombie (Crypt:1)
  An elephant (shapeshifter) (Depths:1)
  A gargoyle (D:11)
  8 spiny frogs
  An emperor scorpion zombie (Crypt:1)
  Psyche (D:8)
  A rime drake (Lair:2)
  A centaur skeleton (D:14)
  An efreet (D:10)
  A yaktaur (shapeshifter) (Vaults:1)
  5 demonic crawlers
  21 yaktaurs
  A catoblepas zombie (Crypt:1)
  4 dire elephant skeletons
  2 hellwings (Orc:2)
  A catoblepas skeleton (Crypt:1)
  A black draconian skeleton (Crypt:2)
  10 freezing wraiths
  4 komodo dragons
  5 guardian mummies (Tomb:1)
  An anaconda simulacrum (Crypt:1)
  4 tengu conjurers
  A meliai (Spider:2)
  8 merfolk
  15 jumping spiders
  A polar bear (D:8)
  Grinder (D:3)
  Prince Ribbit (D:7)
  A minotaur skeleton (Crypt:2)
  6 trolls
  13 blink frogs
  15 two-headed ogres
  2 boulder beetles
  3 hydra skeletons
  6 bog bodies
  31 slime creatures
  A death drake skeleton (Crypt:2)
  2 snapping turtles (Shoals:3)
  2 harpy skeletons (Crypt:1)
  2 ushabtiu (Tomb:1)
  3 ice dragon skeletons (Crypt:3)
  3 spriggans
  23 flying skulls
  3 shadows
  22 redbacks
  5 water elementals
  2 dire elephant simulacra
  2 vampires (D:9)
  12 tarantellas
  15 wraiths
  11 yaks
  A yak (shapeshifter) (Vaults:2)
  2 humans (D:13)
  Grum (D:7)
  2 hogs (Spider:1)
  A black mamba skeleton (Crypt:3)
  3 hippogriffs
  An ettin skeleton (Crypt:3)
  A hungry ghost (D:7)
  2 basilisks
  3 fire elementals
  A human (shapeshifter) (Vaults:1)
  2 neqoxecs
  A steam dragon (Lair:4)
  3 vampire mosquitoes
  5 wargs
  A glowing shapeshifter zombie (Crypt:2)
  2 putrid demonspawn zombies
  A water nymph zombie (Crypt:2)
  2 mottled dragons
  8 porcupines
  5 hell hounds
  A soldier ant (D:13)
  A swamp worm (shapeshifter) (Vaults:3)
  9 water moccasins
  An infernal demonspawn skeleton (Crypt:2)
  An orb spider zombie (Crypt:3)
  A hornet simulacrum (D:15)
  A torturous demonspawn skeleton (Crypt:3)
  A swamp drake (shapeshifter) (Vaults:1)
  39 orc warriors
  2 sky beasts (D:13)
  7 ice beasts
  2 slaves
  2 wasps
  A manticore zombie (Crypt:2)
  4 phantoms
  A boggart (shapeshifter) (Vaults:3)
  4 necrophages
  An ettin simulacrum (Vaults:2)
  6 boggarts (D:14)
  An orc skeleton (Vaults:2)
  34 ogres
  5 crocodiles
  2 swamp dragon skeletons
  16 centaurs
  3 snapping turtle skeletons
  21 wolves
  5 big kobolds
  24 giant frogs
  A wyvern zombie (D:11)
  A water moccasin zombie (D:9)
  A water moccasin skeleton (D:8)
  2 scorpions
  A queen bee zombie (Crypt:1)
  10 killer bees
  10 wights
  3 howler monkeys
  7 electric eels
  A wasp zombie (D:10)
  10 crimson imps
  A giant frog zombie (D:6)
  3 jellies
  A demonspawn zombie (Crypt:3)
  A human simulacrum (Vaults:3)
  2 quasits (Depths:3)
  8 hounds
  29 orc priests
  2 iron imps (Depths:3)
  30 orc wizards
  5 iguanas
  10 worker ants
  Natasha (twice) (D:3)
  A mottled dragon zombie (Crypt:1)
  6 sheep
  A naga skeleton (Crypt:3)
  A mottled dragon skeleton (Crypt:2)
  A tengu zombie (Crypt:1)
  A worker ant zombie (D:11)
  4 mummies (Tomb:1)
  9 gnolls
  6 adders
  61 river rats
  A steam dragon zombie (Crypt:2)
  A shadow imp (Depths:3)
  16 white imps
  A howler monkey simulacrum (D:8)
  2 ufetubi (D:8)
  3 oozes
  A worm zombie (Crypt:1)
  2 adder zombies (D:9)
  5 worms
  4 dart slugs
  6 giant geckos
  130 orcs
  A ball python (D:6)
  A bat skeleton (Crypt:3)
  3 bat zombies (D:5)
  8 giant cockroaches
  8 goblins
  6 hobgoblins
  7 jackals
  12 quokkas
  A ball python zombie (Crypt:2)
  13 bats
  7 giant newts
  19 kobolds
  2 quokka skeletons
  7 rats
  A rat zombie (D:5)
  12 plants
1543 creatures vanquished.

Vanquished Creatures (collateral kills)
  2 juggernauts
  Bai Suzhen (Depths:3)
  Saint Roka (Crypt:1)
  A caustic shrike (Depths:4)
  2 golden dragons
  the Enchantress (Depths:1)
  Jorgrun (Depths:2)
  A tentacled monstrosity (Depths:4)
  4 titans
  A lich (Depths:4)
  Asterion (Vaults:1)
  10 sphinxes
  A kraken (Shoals:4)
  A shadow dragon (Depths:4)
  5 storm dragons
  Kirke (Spider:1)
  2 tengu reavers
  5 fire giants
  An iron dragon (Depths:4)
  7 vault wardens
  A draconian knight (Depths:5)
  3 deep elf sorcerers
  5 frost giants
  2 emperor scorpions (Spider:4)
  13 very ugly things
  7 spriggan defenders
  12 ironheart preservers
  11 stone giants
  A bennu (Tomb:1)
  2 entropy weavers (Spider:3)
  A deep elf demonologist (Vaults:3)
  Azrael (Lair:3)
  A vampire knight (Depths:4)
  A white draconian (Depths:5)
  5 spark wasps
  2 deep elf annihilators
  4 merfolk javelineers (Shoals:4)
  A mottled draconian (Depths:5)
  19 ettins
  A deep elf death mage (Vaults:4)
  10 fire dragons
  6 merfolk impalers
  An eidolon (Crypt:1)
  10 great orbs of eyes
  10 yaktaur captains
  4 spriggan air magi
  5 vault guards
  4 ice dragons
  3 rakshasas
  5 hydras
  A merfolk aquamancer (Shoals:4)
  2 catoblepae
  4 centaur warriors
  10 ogre magi
  2 merfolk avatars
  3 death knights
  2 satyrs
  9 deep troll earth magi
  2 alligator snapping turtles (Shoals:4)
  8 death yaks
  13 deep troll shamans
  4 tengu warriors
  2 orc high priests (Orc:2)
  2 spriggan berserkers
  2 sun demons
  5 deep elf knights
  2 unseen horrors
  5 iron trolls
  2 shadow wraiths (Vaults:4)
  5 hell knights
  2 skeletal warriors (D:14)
  2 wizards (Vaults:3)
  10 sea snakes
  5 giant orange brains
  5 hill giants
  17 deep trolls
  A deep elf archer (Vaults:2)
  2 ironbrand convokers
  An anubis guard (Tomb:1)
  A lindwurm (Lair:6)
  5 harpies
  5 griffons
  23 orb spiders
  7 orc knights
  5 necromancers
  7 deep elf magi
  7 cyclopes
  23 ugly things
  A faun (shapeshifter) (Depths:3)
  18 wolf spiders
  2 orc sorcerers (Orc:2)
  4 hornets
  2 oklob plants
  12 fauns
  5 manticores
  2 moths of wrath (Spider:4)
  12 sirens
  10 elephants
  4 human skeletons (Vaults:2)
  2 black mambas
  2 torpor snails (Spider:2)
  3 water nymphs
  7 vault sentinels
  A gargoyle (D:11)
  Joseph (Lair:1)
  A rime drake (Lair:6)
  A centaur skeleton (D:14)
  3 kobold demonologists
  4 spiny frogs
  16 demonic crawlers
  32 yaktaurs
  A rime drake (shapeshifter) (Vaults:2)
  2 komodo dragons
  A guardian mummy (Tomb:1)
  A tormentor (Depths:3)
  A hellwing (Orc:2)
  25 merfolk
  2 trolls
  2 polar bears
  2 meliai (Spider:2)
  2 tengu conjurers
  14 jumping spiders
  9 two-headed ogres
  7 slime creatures
  5 wind drakes (Shoals:4)
  4 blink frogs
  7 snapping turtles
  2 boulder beetles
  3 air elementals (Depths:4)
  10 spriggans
  40 redbacks
  23 tarantellas
  16 water elementals
  31 yaks
  6 basilisks
  6 hippogriffs
  A steam dragon (D:10)
  2 hungry ghosts
  2 wargs
  Menkaure (D:7)
  Edmund (D:5)
  A mottled dragon (Vaults:1)
  2 giant eyeballs (Depths:3)
  4 water moccasins
  A porcupine (Lair:4)
  3 black bears
  15 orc warriors
  An eye of draining (shapeshifter) (Depths:3)
  An ice beast (D:8)
  2 phantoms
  3 sky beasts
  9 wasps
  26 ogres
  A boggart (D:14)
  3 wolves (Lair:4)
  11 centaurs
  6 crocodiles
  3 big kobolds
  Blork the orc (D:5)
  6 giant frogs
  8 killer bees
  2 scorpions
  An electric eel (Spider:2)
  4 wights
  A centaur zombie (D:6)
  2 quasits
  2 hounds
  3 jellies
  14 orc priests
  Natasha (D:3)
  3 iguanas
  16 orc wizards
  5 worker ants
  5 sheep
  A giant frog simulacrum (D:8)
  Robin (D:3)
  An adder (D:6)
  A gnoll (D:5)
  18 river rats
  A shadow imp (D:13)
  3 white imps
  2 ufetubi (D:8)
  An ooze (Lair:6)
  A worm (D:3)
  A giant gecko (D:9)
  64 orcs
  2 goblins (D:3)
  4 hobgoblins (D:3)
  A quokka (D:7)
  A giant newt (D:3)
  11 kobolds
  A rat (D:3)
  A fungus (Lair:6)
  11 plants
  3 tentacles (Shoals:4)
1083 creatures vanquished.

Vanquished Creatures (others)
  A fire dragon (Depths:5)
  A deep elf archer (Vaults:4)
  A human (Spider:1)
  A yak (Lair:6)
  A boggart (D:14)
  2 river rats (Lair:6)
  2 orcs
  16 fungi
  22 plants
  24 tentacles
  271 tentacle segments
342 creatures vanquished.

Grand Total: 2968 creatures vanquished

Notes
Turn   | Place    | Note
-------+----------+-------------------------------------------
     0 | D:1      | seren the Demonspawn Ice Elementalist began the quest for the Orb.
     0 | D:1      | Reached XP level 1. HP: 13/13 MP: 3/3
   226 | D:1      | Gained mutation: You are surrounded by a mild repulsion field. (EV +2) [demonic ancestry]
   226 | D:1      | Reached XP level 2. HP: 17/19 MP: 0/5
  1124 | D:1      | Gained mutation: You are surrounded by a moderate repulsion field. (EV +3) [demonic ancestry]
  1124 | D:1      | Reached XP level 3. HP: 24/24 MP: 6/6
  1157 | D:1      | Learned a level 2 spell: Throw Frost
  1161 | D:1      | Learned a level 3 spell: Ozocubu's Armour
  2107 | D:1      | Reached XP level 4. HP: 30/30 MP: 4/7
  2503 | D:2      | Found a shimmering altar of Xom.
  2752 | D:3      | Reached skill level 5 in Ice Magic
  2924 | D:3      | Gained mutation: When hurt, damage is shared between your health and your magic reserves. [demonic ancestry]
  2924 | D:3      | Reached XP level 5. HP: 29/35 MP: 5/8
  3245 | D:3      | Noticed Natasha
  3252 | D:3      | Killed Natasha
  3442 | D:3      | Noticed Grinder
  3451 | D:3      | Paralysed by Grinder for 4 turns
  3461 | D:2      | Upgraded the game from 0.19-a0-821-gf489216 to 0.19-a0-854-gc78d25d
  3518 | D:4      | Found a basalt altar of Yredelemnul.
  3609 | D:4      | Noticed an ogre
  3726 | D:4      | Noticed Pikel
  3726 | D:4      | Noticed a slave
  3726 | D:4      | Noticed a slave
  3727 | D:4      | Noticed a slave
  3766 | D:3      | Killed a slave
  4246 | D:4      | Reached XP level 6. HP: 36/41 MP: 1/10
  4359 | D:4      | Noticed an orc warrior
  4410 | D:4      | Noticed a slave
  4431 | D:4      | Killed a slave
  4835 | D:3      | Paralysed by Grinder for 7 turns
  5195 | D:2      | Learned a level 4 spell: Summon Ice Beast
  5403 | D:3      | Killed Pikel
  5403 | D:3      | Reached skill level 5 in Summonings
  5403 | D:3      | Gained mutation: You are immune to rotting. [demonic ancestry]
  5403 | D:3      | Reached XP level 7. HP: 29/46 MP: 1/11
  6167 | D:5      | Entered Level 5 of the Dungeon
  6173 | D:5      | Got an iridescent dagger
  6209 | D:5      | Identified the +7 dagger "Qouf" {freeze, rPois rN++ MP+9 Dex+3} (You found it on level 5 of the Dungeon)
  6642 | D:5      | Found a sacrificial altar of Ru.
  6786 | D:5      | Noticed Edmund
  6921 | D:5      | Got a twisted robe
  6955 | D:5      | Identified the +2 robe of Minor Irritation {rPois Int+2 Dex+3} (You took it off an orc on level 5 of the Dungeon)
  6955 | D:5      | Upgraded the game from 0.19-a0-854-gc78d25d to 0.19-a0-867-g949743d
  7281 | D:5      | Found an ancient bone altar of Kikubaaqudgha.
  7289 | D:5      | Became a worshipper of Kikubaaqudgha
  7429 | D:5      | Gained mutation: You have sharp fingernails. [demonic ancestry]
  7429 | D:5      | Reached XP level 8. HP: 52/52 MP: 13/13
  8074 | D:5      | Reached skill level 5 in Spellcasting
  8522 | D:6      | Found a glowing silver altar of Zin.
  8522 | D:6      | Found an opulent altar of Gozag.
  8591 | D:6      | Reached skill level 1 in Fighting
  8601 | D:6      | Reached * piety under Kikubaaqudgha
  8601 | D:6      | Received a gift from Kikubaaqudgha
  8602 | D:6      | Identified Kikubaaqudgha's Grimoire of Unholy Magic (Kikubaaqudgha gifted it to you on level 6 of the Dungeon)
  9051 | D:5      | Killed Edmund
  9385 | D:6      | Noticed Blork the orc
  9398 | D:5      | Killed Blork the orc
 10378 | D:7      | Found a white marble altar of Elyvilon.
 10382 | D:7      | Noticed Menkaure
 10837 | D:7      | Found a snail-covered altar of Cheibriados.
 10945 | D:7      | Noticed Prince Ribbit
 11176 | D:3      | Noticed Natasha
 11180 | D:3      | Killed Natasha
 11395 | D:3      | Noticed Robin
 11415 | D:3      | Killed Robin
 11500 | D:3      | Noticed Natasha
 11516 | D:3      | Killed Natasha
 11516 | D:3      | Reached ** piety under Kikubaaqudgha
 11546 | D:3      | Reached XP level 9. HP: 66/66 MP: 18/18
 11628 | D:3      | Paralysed by Grinder for 2 turns
 11653 | D:3      | Killed Grinder
 11900 | D:3      | Found a deep blue altar of Sif Muna.
 12325 | D:7      | Reached skill level 5 in Fighting
 12662 | D:7      | Killed Menkaure
 13420 | D:7      | Found a staircase to the Ecumenical Temple.
 13421 | D:7      | Found an iron altar of Okawaru.
 13434 | D:7      | Killed Prince Ribbit
 13584 | Temple   | Entered the Ecumenical Temple
 14201 | D:7      | Reached *** piety under Kikubaaqudgha
 14201 | D:7      | Received a gift from Kikubaaqudgha
 14226 | D:7      | Identified Kikubaaqudgha's Papyrus of Dark Arts (Kikubaaqudgha gifted it to you on level 7 of the Dungeon)
 14361 | D:7      | Reached skill level 1 in Necromancy
 14448 | D:8      | Reached skill level 2 in Necromancy
 14463 | D:7      | Reached skill level 5 in Dodging
 14687 | D:8      | Noticed Grum
 14863 | D:8      | Reached skill level 3 in Necromancy
 15147 | D:8      | Noticed Psyche
 15277 | D:7      | Killed Grum
 15277 | D:7      | Reached XP level 10. HP: 56/77 MP: 9/19
 15492 | D:8      | Reached skill level 4 in Necromancy
 16026 | D:8      | Noticed Erica
 16056 | D:7      | Learned a level 4 spell: Throw Icicle
 16361 | D:8      | Noticed Erolcha
 16917 | D:8      | Reached **** piety under Kikubaaqudgha
 17703 | D:9      | Found a shattered altar of Ashenzari.
 17932 | D:9      | Found a roughly hewn altar of Beogh.
 18355 | D:9      | Found Qeqem's Antique Weapon Shop.
 18366 | D:9      | Found a shadowy altar of Dithmenos.
 18647 | D:10     | Entered Level 10 of the Dungeon
 19745 | D:10     | Reached ***** piety under Kikubaaqudgha
 20220 | D:10     | Reached skill level 5 in Necromancy
 20358 | D:10     | Upgraded the game from 0.19-a0-867-g949743d to 0.19-a0-892-g8a19e52
 20505 | D:10     | Noticed a hill giant
 20519 | D:10     | Noticed a hill giant
 20527 | D:10     | Killed a hill giant
 20535 | D:10     | Killed a hill giant
 20535 | D:10     | Reached skill level 6 in Necromancy
 21145 | D:11     | Found a staircase to the Lair.
 21147 | D:11     | Noticed an elephant
 21162 | D:11     | Killed an elephant
 21162 | D:11     | Gained mutation: You have very sharp fingernails. [demonic ancestry]
 21162 | D:11     | Reached XP level 11. HP: 80/83 MP: 14/20
 21241 | Lair:1   | Entered Level 1 of the Lair of Beasts
 21318 | Lair:1   | Noticed Joseph
 21329 | Lair:1   | Killed Joseph
 21536 | Lair:1   | Reached skill level 7 in Necromancy
 22348 | Lair:2   | Found a frozen archway.
 22453 | Lair:2   | Noticed a six-headed hydra
 23085 | Lair:2   | Reached skill level 8 in Necromancy
 23125 | Lair:2   | Gained mutation: You may emit foul miasma when damaged in melee. [demonic ancestry]
 23125 | Lair:2   | Reached XP level 12. HP: 93/93 MP: 21/21
 23271 | Lair:1   | Learned a level 3 spell: Regeneration
 23801 | Lair:2   | Reached skill level 9 in Necromancy
 24353 | Lair:2   | Reached skill level 10 in Necromancy
 24975 | Lair:2   | Noticed a death yak
 25205 | D:11     | Found Qimog's General Store.
 25227 | D:11     | Bought 2 potions of curing for 78 gold pieces
 25227 | D:11     | Bought a scroll of identify for 26 gold pieces
 25227 | D:11     | Bought a potion of curing for 39 gold pieces
 25227 | D:11     | Bought a scroll of teleportation for 39 gold pieces
 27188 | D:11     | Reached ****** piety under Kikubaaqudgha
 27202 | D:11     | Received a gift from Kikubaaqudgha
 27852 | D:11     | Gained mutation: You have claws for hands. [demonic ancestry]
 27852 | D:11     | Reached XP level 13. HP: 64/98 MP: 0/25
 28107 | Lair:2   | Learned a level 2 spell: Sublimation of Blood
 28432 | Lair:3   | Found a hole to the Spider Nest.
 28594 | Lair:3   | Found a staircase to the Shoals.
 28686 | Lair:3   | Noticed Harold
 28694 | Lair:3   | Killed Harold
 29302 | Lair:4   | Upgraded the game from 0.19-a0-892-g8a19e52 to 0.19-a0-905-ge5e6a15
 30533 | Lair:5   | Noticed Josephine
 30562 | Lair:4   | Learned a level 5 spell: Dispel Undead
 30706 | Lair:4   | Reached skill level 10 in Spellcasting
 30821 | Lair:5   | Killed Josephine
 31367 | Lair:5   | Got a coiled tin amulet
 31373 | Lair:5   | Identified the amulet of Symmetry {Dismiss rPois rC+ Str+4} (You found it on level 5 of the Lair of Beasts)
 32289 | Lair:6   | Entered Level 6 of the Lair of Beasts
 32392 | Lair:6   | Found a staircase to the Slime Pits.
 32477 | Lair:6   | Found a shadowy altar of Dithmenos.
 33384 | Lair:6   | Reached skill level 11 in Necromancy
 34760 | Lair:3   | Gained mutation: You frequently emit foul miasma when damaged in melee. [demonic ancestry]
 34760 | Lair:3   | Reached XP level 14. HP: 108/108 MP: 29/29
 35393 | D:8      | Killed Erolcha
 35546 | D:8      | Killed Erica
 36064 | D:12     | Found a staircase to the Orcish Mines.
 36221 | D:12     | Learned a level 6 spell: Ozocubu's Refrigeration
 36480 | Orc:1    | Entered Level 1 of the Orcish Mines
 37310 | Orc:2    | Entered Level 2 of the Orcish Mines
 37699 | Orc:2    | Found a staircase to the Elven Halls.
 37729 | Orc:2    | Noticed a stone giant
 37750 | Orc:2    | Found Zontysee's Magic Scroll Emporium.
 38330 | Orc:2    | Found Lineh's Magic Scroll Shoppe.
 39646 | Orc:2    | Bought a scroll of fear for 52 gold pieces
 39646 | Orc:2    | Bought a scroll of fog for 30 gold pieces
 39646 | Orc:2    | Bought a scroll of noise for 15 gold pieces
 39646 | Orc:2    | Bought 3 scrolls of identify for 90 gold pieces
 39985 | Orc:2    | Bought a scroll of blinking for 112 gold pieces
 39985 | Orc:2    | Bought a scroll of identify for 30 gold pieces
 39990 | Orc:2    | Bought a scroll of identify for 32 gold pieces
 39990 | Orc:2    | Bought a scroll of identify for 32 gold pieces
 39990 | Orc:2    | Bought a scroll of identify for 32 gold pieces
 39990 | Orc:2    | Bought a scroll of identify for 32 gold pieces
 40337 | Orc:2    | Noticed Borgoz's ghost (journeyman DsAs)
 40343 | Orc:2    | Killed Borgoz's ghost
 40710 | Orc:2    | Noticed a stone giant
 41176 | Lair:1   | Upgraded the game from 0.19-a0-905-ge5e6a15 to 0.19-a0-926-g4486784
 42052 | Lair:6   | Upgraded the game from 0.19-a0-926-g4486784 to 0.19-a0-944-gb338e1e
 42284 | Lair:5   | Learned a level 4 spell: Animate Dead
 42324 | Lair:6   | Reached skill level 12 in Necromancy
 43152 | Lair:6   | Upgraded the game from 0.19-a0-944-gb338e1e to 0.19-a0-1008-g4c63d25
 43340 | D:9      | Bought a glowing quarterstaff for 92 gold pieces
 43529 | D:13     | Found Cupnac's Antique Weapon Boutique.
 44218 | D:13     | Reached skill level 1 in Shields
 44226 | D:13     | Noticed Frances
 44400 | Shoals:1 | Entered Level 1 of the Shoals
 44802 | Shoals:1 | Gained mutation: Your magical and physical power is slightly enhanced at high health. [demonic ancestry]
 44802 | Shoals:1 | Reached XP level 15. HP: 111/113 MP: 29/30
 47061 | Shoals:4 | Entered Level 4 of the Shoals
 47127 | Shoals:3 | Noticed a kraken
 47506 | Spider:1 | Entered Level 1 of the Spider Nest
 47506 | Spider:1 | Noticed Azrael
 48079 | D:13     | Upgraded the game from 0.19-a0-1008-g4c63d25 to 0.19-a0-1013-g40768a3
 48153 | D:13     | Reached skill level 10 in Fighting
 48447 | D:13     | Noticed Sonja
 48745 | Lair:3   | Killed Azrael
 48838 | Spider:1 | Noticed Kirke
 48948 | Spider:1 | Killed Kirke
 49520 | Orc:2    | Found Kamymeam's General Store.
 49656 | Orc:2    | Bought the ring of Vaimiygh {rPois MP+9 Str+5 Int+2} for 642 gold pieces
 49707 | Orc:2    | Bought a scroll of amnesia for 52 gold pieces
 49711 | Orc:2    | Bought a scroll of amnesia for 56 gold pieces
 49711 | Orc:2    | Bought a scroll of enchant armour for 120 gold pieces
 49711 | Orc:2    | Bought a scroll of amnesia for 56 gold pieces
 49843 | Orc:2    | Found Garug's Gadget Shop.
 49843 | Orc:2    | Found Bezurevuu's Antique Weapon Boutique.
 49863 | Orc:2    | Found a one-way gate leading to the halls of Pandemonium.
 50912 | Shoals:4 | Noticed Ilsuiw
 52984 | Spider:1 | Reached skill level 10 in Summonings
 53477 | Orc:2    | Bought a scroll of blinking for 120 gold pieces
 53513 | Orc:2    | Bought a scroll of enchant armour for 105 gold pieces
 53820 | Shoals:3 | Reached skill level 1 in Armour
 54067 | Shoals:4 | Killed Ilsuiw
 54270 | Shoals:4 | Gained mutation: You are surrounded by a strong repulsion field. (EV +4, RMsl) [demonic ancestry]
 54270 | Shoals:4 | Reached XP level 16. HP: 122/122 MP: 21/32
 55395 | Shoals:4 | Noticed a kraken
 55461 | Shoals:4 | Reached skill level 5 in Armour
 55605 | Shoals:4 | Killed a kraken
 55610 | Shoals:4 | Got a barnacled rune of Zot
 55938 | Shoals:4 | Noticed a kraken
 56758 | D:8      | Killed Psyche
 56997 | Lair:2   | Reached skill level 13 in Necromancy
 58938 | Spider:2 | Reached skill level 14 in Necromancy
 60085 | Spider:3 | Reached skill level 15 in Necromancy
 60602 | Spider:3 | Identified a +0 rod of inaccuracy (9/9) (You found it on level 3 of the Spider Nest)
 60940 | Spider:4 | Entered Level 4 of the Spider Nest
 60947 | Spider:4 | Noticed Yermak's ghost (journeyman SpGl)
 61539 | Spider:4 | Killed Yermak's ghost
 61911 | Spider:3 | Reached skill level 16 in Necromancy
 62504 | Spider:4 | Reached XP level 17. HP: 111/128 MP: 33/33
 63660 | Spider:4 | Reached skill level 17 in Necromancy
 63767 | Spider:4 | Got a gossamer rune of Zot
 64327 | D:14     | Noticed Shenda's ghost (journeyman FoFi)
 64331 | D:14     | Killed Shenda's ghost
 65413 | D:14     | Killed Frances
 65413 | D:14     | Reached skill level 18 in Necromancy
 65875 | D:15     | Entered Level 15 of the Dungeon
 67598 | D:15     | Learned a level 7 spell: Haunt
 67648 | D:15     | Found a staircase to the Depths.
 68183 | D:13     | Reached skill level 19 in Necromancy
 68189 | D:13     | Found a gate to the Vaults.
 68492 | Vaults:1 | Entered Level 1 of the Vaults
 69473 | Vaults:1 | Noticed Asterion
 70477 | Vaults:1 | Killed Asterion
 70563 | Vaults:1 | Reached XP level 18. HP: 105/138 MP: 11/34
 71408 | Vaults:2 | Reached skill level 1 in Evocations
 72529 | Vaults:2 | Reached skill level 5 in Evocations
 72680 | Vaults:2 | Got a polished scale mail
 72740 | Vaults:1 | Identified the cursed +0 scale mail of Fisue {Dex+5} (You found it on level 2 of the Vaults)
 73337 | Vaults:2 | Upgraded the game from 0.19-a0-1013-g40768a3 to 0.19-a0-1019-g9c6a58d
 75157 | Vaults:3 | Found a staircase to the Crypt.
 75157 | Vaults:3 | Found an ancient bone altar of Kikubaaqudgha.
 75157 | Vaults:3 | Found a basalt altar of Yredelemnul.
 78378 | Vaults:4 | Reached XP level 19. HP: 146/146 MP: 32/36
 78382 | Vaults:4 | Reached skill level 20 in Necromancy
 79436 | Vaults:4 | Paralysed by a sphinx for 5 turns
 79702 | Vaults:4 | Reached skill level 10 in Dodging
 79843 | Vaults:4 | Learned a level 2 spell: Passwall
 81473 | Vaults:4 | Reached skill level 1 in Transmutations
 82360 | Crypt:1  | Entered Level 1 of the Crypt
 82363 | Crypt:1  | Noticed WereVolvo's ghost (adept MiFi)
 82371 | Crypt:1  | Killed WereVolvo's ghost
 82483 | Crypt:1  | You fall through a shaft!
 82635 | Crypt:2  | Noticed a lich
 82641 | Crypt:2  | Killed a lich
 82761 | Crypt:2  | Reached skill level 5 in Transmutations
 83092 | Crypt:1  | Paralysed by a vampire knight for 3 turns
 83108 | Crypt:1  | Paralysed by something for 4 turns
 83792 | Crypt:1  | Learned a level 2 spell: Blink
 83794 | Crypt:1  | Learned a level 1 spell: Apportation
 83874 | Crypt:1  | Noticed Saint Roka
 84311 | Crypt:1  | Killed Saint Roka
 84961 | Crypt:1  | Gained mutation: Your magical and physical power is enhanced at high health. [demonic ancestry]
 84961 | Crypt:1  | Reached XP level 20. HP: 145/153 MP: 34/38
 85645 | Crypt:2  | Identified a scroll of acquirement
 85743 | Crypt:2  | Reached skill level 1 in Staves
 86798 | Crypt:3  | Entered Level 3 of the Crypt
 86850 | Crypt:3  | Reached skill level 5 in Staves
 87658 | Crypt:3  | Found a staircase to the Tomb.
 88881 | Crypt:3  | Reached skill level 10 in Staves
 88922 | Crypt:3  | Noticed an ancient lich
 88935 | Crypt:3  | Killed an ancient lich
 88999 | Crypt:3  | Noticed a bone dragon
 89006 | Crypt:3  | Killed a bone dragon
 89098 | Crypt:3  | Found a basalt altar of Yredelemnul.
 89187 | Crypt:2  | Gained mutation: You regenerate magic rapidly. [demonic ancestry]
 89187 | Crypt:2  | Reached XP level 21. HP: 31/159 MP: 1/39
 89640 | Crypt:3  | Identified Gicut's Guide on Evil Arts
 91495 | D:15     | Reached skill level 10 in Transmutations
 91659 | Depths:1 | Entered Level 1 of the Depths
 91743 | Depths:1 | Found Xiadicw's Assorted Antiques.
 91746 | Depths:1 | Found Oroduohahi's Armour Boutique.
 91746 | Depths:1 | Found Kouti's Armour Shop.
 91921 | Depths:1 | Found Senkat's Antique Weapon Boutique.
 91944 | Depths:1 | Bought a jade ring for 180 gold pieces
 91944 | Depths:1 | Bought a potion of curing for 108 gold pieces
 91944 | Depths:1 | Bought a scroll of teleportation for 108 gold pieces
 92359 | Depths:1 | Found a gateway to Hell.
 92500 | Depths:1 | Found a gateway to a ziggurat.
 92984 | Depths:1 | Noticed the Enchantress
 93146 | Depths:1 | Killed the Enchantress
 93157 | Depths:1 | Got a faerie dragon armour
 93168 | Depths:1 | Identified the +0 faerie dragon armour {rF+ rC+ Int+2 SInv} (You took it off the Enchantress on level 1 of the Depths)
 93552 | Depths:2 | Upgraded the game from 0.19-a0-1019-g9c6a58d to 0.19-a0-1021-g80cc50c
 94055 | Depths:2 | Noticed Jorgrun
 94082 | Depths:2 | Killed Jorgrun
 94262 | Depths:2 | Found a one-way gate to the infinite horrors of the Abyss.
 95040 | Depths:2 | Noticed a juggernaut
 95052 | Depths:2 | Killed a juggernaut
 95100 | Depths:2 | Got an encrusted quarterstaff
 95113 | Depths:2 | Got a transparent war axe
 95128 | Depths:2 | Identified the Tome of Flying Good Luck
 95131 | Depths:2 | Identified a +2 rod of clouds (10/10) (You found it on level 2 of the Depths)
 95133 | Depths:2 | Got a slimy robe
 95146 | Depths:2 | Identified the +1 robe of the World {*Drain Str+6} (You found it on level 2 of the Depths)
 95166 | Depths:2 | Identified the +2 war axe "Rait" {chop, rF+ Str+5} (You found it on level 2 of the Depths)
 95173 | Depths:2 | Identified the +3 quarterstaff of the Immovable Stars {speed, rElec rPois Dex-5 Stlth+} (You found it on level 2 of the Depths)
 95311 | Depths:2 | Got a twisted arbalest
 95317 | Depths:2 | Identified the +7 arbalest "Kirom" {velocity, rF+ rN+ Int+2 Stlth-} (You found it on level 2 of the Depths)
 95402 | Depths:2 | Identified a +6 rod of inaccuracy (13/13) (You found it on level 2 of the Depths)
 95702 | Depths:2 | Reached XP level 22. HP: 165/165 MP: 37/40
 96426 | Depths:3 | Found Tuecog's Food Shop.
 97220 | Depths:3 | Reached skill level 21 in Necromancy
 97599 | Depths:3 | Noticed Bai Suzhen
 97619 | Depths:3 | Killed Bai Suzhen
 98798 | Depths:4 | Paralysed by a great orb of eyes for 5 turns
100105 | Depths:4 | Got a pitted quarterstaff
100106 | Depths:4 | Identified the +8 quarterstaff "Mynkueh" {speed, Str+6} (You found it on level 4 of the Depths)
100507 | Depths:1 | Bought a +2 helmet for 247 gold pieces
101222 | Depths:1 | Bought a +3 leather armour of magic resistance for 360 gold pieces
101932 | Depths:3 | Paralysed by a giant eyeball for 2 turns
102014 | Depths:4 | Reached skill level 15 in Fighting
102154 | Depths:4 | Got a warped chain mail
102171 | Depths:4 | Identified the +3 chain mail "Gowkanom" {Str+3 Int+6} (You found it on level 4 of the Depths)
102218 | Depths:4 | Noticed a golden dragon
102242 | Depths:4 | Noticed a caustic shrike
102257 | Depths:4 | Killed a caustic shrike
102519 | Depths:4 | Killed a golden dragon
102770 | Depths:4 | Noticed a juggernaut
102771 | Depths:4 | Noticed a golden dragon
102815 | Depths:4 | Killed a juggernaut
102894 | Depths:4 | Killed a golden dragon
102932 | Depths:4 | Got a slimy short sword
102933 | Depths:4 | Identified the cursed +0 short sword "Impslayer" {venom, rC+ rN++} (You found it on level 4 of the Depths)
103169 | Depths:5 | Entered Level 5 of the Depths
103187 | Depths:5 | Reached XP level 23. HP: 180/181 MP: 31/41
103829 | Depths:5 | Got a faintly glowing long sword
103845 | Depths:5 | Identified the cursed +1 long sword "Udusouq" {slice, rF+ Str+2 Int+5} (You found it on level 5 of the Depths)
104733 | Depths:5 | Found a gate to the Realm of Zot.
104830 | Depths:5 | Reached skill level 22 in Necromancy
105117 | Depths:2 | Learned a level 8 spell: Necromutation
105395 | D:15     | Upgraded the game from 0.19-a0-1021-g80cc50c to 0.19-a0-1025-g778f431
105794 | Tomb:1   | Entered Level 1 of the Tomb of the Ancients
105876 | Tomb:1   | Paralysed by a sphinx for 4 turns
105913 | Tomb:1   | Paralysed by a sphinx for 3 turns
105930 | Tomb:1   | Paralysed by a sphinx for 2 turns
106566 | Tomb:1   | Identified a +0 pair of boots of running (You found it on level 1 of the Tomb of the Ancients)
106735 | Tomb:1   | Slain by a bennu

Vault maps used:
D:1:      dpeg_arrival_connections
D:2:      xom_butterflies
D:3:      lemuel_blue_sif_altar, bh_chokoban, uniq_grinder, uniq_robin,
          uniq_natasha
D:4:      yredelemnul_altar_generic, minmay_misc_feat_secret_circle, uniq_pikel
D:5:      black_bear_nest_2, lemuel_zombie_altar_kikubaaqudgha,
          kennysheep_little_box, first_bread, uniq_edmund
D:6:      grunt_temple_overflow_gold_and_silver, uniq_blork_the_orc
D:7:      elyvilon_altar_4, okawaru_metal_pillars_1_2, kennysheep_mini_moat,
          serial_corexii_hall, corexii_hall_statues_s, corexii_hall_statues_i,
          corexii_hall_statues_x, corexii_hall_statues_l,
          corexii_hall_statues_i, corexii_hall_statues_l, the_bakery,
          uniq_menkaure, uniq_prince_ribbit1
D:8:      serial_ice, serial_ice_d, serial_ice_f, serial_ice_e, serial_ice_o,
          serial_ice_h, serial_ice_j, uniq_grum, uniq_erolcha, uniq_psyche,
          uniq_erica
D:9:      old_standard_altar, old_standard_altar, special_room, serial_shops,
          shop
D:10:     minmay_curly_fans
D:11:     david_lair_generic, serial_shops, shop, serial_glass, glass_columns_b,
          glass_columns_a
D:12:     orc_0_dummy
D:13:     grunt_vaults_entry_fortified, serial_shops, shop, dk_noncrumbling_3,
          uniq_frances, uniq_sonja
D:14:     minmay_misc_feat_iff, ldierk_geyser, kennysheep_generic_room_2
D:15:     grunt_enter_depths_hoard
Temple:   cyrus_temple_forest
Lair:1:   uniq_joseph
Lair:2:   portal_ice_cave_entry_imps
Lair:3:   minmay_lair_oklob_chamber, minmay_shoals_entry_lonely_mermaid,
          spider_nest_entry_funnel_web, columned_hall_lemuel,
          grunt_megastairs_3, uniq_harold
Lair:4:   grunt_forest_stairs_clearing, grunt_megastairs_5,
          infiniplex_staircase_pool
Lair:5:   grunt_forest_large_clearing_hut, uniq_josephine
Lair:6:   grunt_lair_end_beastmaster, nicolae_slime_entry_slimehenge,
          basic_altar
Shoals:4: shoals_end_hangedman, shoal_ilsuiw, dpeg_stationary_puzzle
Spider:1: cheibrodos_spider_creepycove, nicolae_crawler_farm, uniq_azrael,
          uniq_kirke
Spider:4: spider_rune_water
Orc:2:    pf_orc_diabolical, serial_shops, nicolae_shop_crystal
Vaults:1: ontoclasm_vaults_ring_square, ontoclasm_vaults_loading_screen,
          v_pattern_1, v_misc_18, vaults_room_stairs_pillars,
          hangedman_vaults_cutoff, ontoclasm_vaults_gateway,
          nicolae_vaults_display_case, nicolae_vaults_big_angled_halls,
          v_misc_12, nicolae_vaults_shelves_hall, v_misc_24,
          grunt_vaults_hallway_short, ontoclasm_vaults_twist, uniq_asterion
Vaults:2: nicolae_vaults_triangles, ontoclasm_vaults_idyll,
          vaults_room_door_hall, vaults_room_pools, grunt_vaults_twisty,
          vaults_room_pools, vaults_dpeg_ring, nicolae_vaults_asterisk
Vaults:3: minmay_crypt_entry_necro_gods, st_lines, vaults_room_grid,
          serial_ice_b, nicolae_vaults_back_hallway, v_alt_pattern_2,
          nicolae_vaults_theta, vaults_room_semicircle, serial_ice_m,
          ontoclasm_vaults_ligature
Vaults:4: vaults_room_stairs_pillars, v_misc_8, v_rooms_3,
          vaults_room_door_ring, ontoclasm_vaults_fault,
          nicolae_vaults_mini_display_case, nicolae_vaults_little_ls,
          hangedman_vaults_river_flow, ontoclasm_vaults_chip,
          vaults_room_door_ring
Crypt:1:  minivault_5, uniq_saint_roka
Crypt:2:  st_stairs_3, roderic_lattice_octagonal_star
Crypt:3:  church_of_pain_bobbens
Depths:1: enter_ziggurat_a, pf_hell_entry_great_geh, serial_bayou_crossing,
          minmay_shoptagon, serial_bayou_shore_b, uniq_enchantress
Depths:2: giant_chief_lemuel, hangedman_abyss_entry_splay, hell_entry,
          minmay_misc_feat_diagonals, infiniplex_staircase_trident, uniq_jorgrun
Depths:3: kennysheep_windowed_halls, hell_entry, minmay_stone_trees_medium,
          grunt_pan_entry_spiral, serial_shops, nicolae_shop_statue_plus,
          infiniplex_staircase_spiral, uniq_bai_suzhen
Depths:4: minmay_tearing_corner, marbit_kobold_abyss_entry, nicolae_sextant,
          hell_entry
Depths:5: evilmike_zot_entry_diamond, hell_entry, grunt_decor_one_mirror,
          pan_entry

Skill      XL: |  1  2  3  4  5  6  7  8  9 10 11 12 13 14 15 16 17 18 19 20 21 22 23 |
---------------+----------------------------------------------------------------------+-----
Ice Magic      | 3 4 5 6 8 11 12 13 | 13.3
Spellcasting   | 3 6 8 11 12 13 14 | 14.0
Summonings     | 5 6 10 11 | 11.0
Fighting       | 4 6 8 9 10 11 12 15 | 15.0
Dodging        | 5 6 9 11 | 11.0
Necromancy     | 3 6 8 10 11 12 16 19 20 21 22 | 22.8
Conjurations   | 3 |  3.7
Shields        | 3 4 |  4.0
Armour         | 2 6 8 |  8.3
Evocations     | 5 |  5.0
Transmutations | 8 9 12 13 | 13.0
Staves         | 11 13 | 13.0
Stealth        | |  1.7

Action                   |  1- 3 |  4- 6 |  7- 9 | 10-12 | 13-15 | 16-18 | 19-21 | 22-24 || total
-------------------------+-------+-------+-------+-------+-------+-------+-------+-------++-------
Melee: Unarmed           |     2 |       |       |       |       |       |       |       ||     2
       Whip              |    48 |    71 |    49 |     2 |     5 |       |       |       ||   175
       Dagger            |       |       |   219 |   585 |  1013 |  1281 |   665 |       ||  3763
       Quarterstaff      |       |       |       |       |     3 |       |       |       ||     3
       Staff             |       |       |       |       |       |       |   159 |   202 ||   361
       Demon whip        |       |       |       |       |       |       |       |    38 ||    38
Throw: Stone             |       |       |       |     1 |       |       |       |       ||     1
       Throwing net      |       |       |       |       |       |       |     5 |     2 ||     7
 Cast: Freeze            |    42 |    49 |    87 |   128 |    80 |       |       |       ||   386
       Throw Frost       |       |    14 |    21 |    39 |    50 |       |       |       ||   124
       Ozocubu's Armour  |       |     3 |    10 |    18 |    61 |       |       |       ||    92
       Summon Ice Beast  |       |       |    55 |   145 |   311 |   229 |    21 |     1 ||   762
       Throw Icicle      |       |       |       |    26 |   287 |   256 |   133 |   174 ||   876
       Regeneration      |       |       |       |    16 |    86 |   114 |    99 |    56 ||   371
       Sublimation of Bl |       |       |       |       |    37 |    88 |   108 |    37 ||   270
       Dispel Undead     |       |       |       |       |    17 |    37 |   419 |    83 ||   556
       Ozocubu's Refrige |       |       |       |       |    57 |    15 |    27 |     2 ||   101
       Animate Dead      |       |       |       |       |    22 |   121 |    45 |    50 ||   238
       Haunt             |       |       |       |       |       |    98 |   134 |   240 ||   472
       Apportation       |       |       |       |       |       |       |     5 |     1 ||     6
       Passwall          |       |       |       |       |       |       |     1 |     1 ||     2
       Blink             |       |       |       |       |       |       |     1 |       ||     1
       Necromutation     |       |       |       |       |       |       |       |     2 ||     2
Invok: Receive Corpses   |       |       |       |     5 |    34 |    52 |    20 |    16 ||   127
       Receive Necronomi |       |       |       |     1 |       |       |       |       ||     1
Evoke: Wand              |       |       |       |       |     8 |     8 |     4 |     5 ||    25
       Phantom mirror    |       |       |       |       |       |     1 |       |       ||     1
       Rod               |       |       |       |       |       |       |       |     2 ||     2
       Staff of energy   |       |       |       |       |       |       |       |     1 ||     1
  Use: Scroll            |       |     8 |     6 |    16 |    28 |    16 |    11 |    11 ||    96
       Potion            |       |     3 |     2 |     7 |     7 |    10 |     3 |     2 ||    34
 Stab: Sleeping          |     3 |     1 |     4 |     2 |     4 |     1 |       |       ||    15
       Distracted        |       |     1 |     2 |     6 |    12 |    18 |     6 |     3 ||    48
       Invisible         |       |       |       |       |       |     7 |       |       ||     7
  Eat: Chunk             |     4 |    12 |    34 |    51 |   104 |   141 |    93 |    49 ||   488
       Fruit             |       |       |     7 |     7 |     7 |     4 |       |       ||    25
       Royal jelly       |       |       |     2 |       |       |       |       |       ||     2
       Meat ration       |       |       |       |     1 |     1 |       |     3 |       ||     5
       Bread ration      |       |       |       |       |     2 |     1 |       |     1 ||     4
       Beef jerky        |       |       |       |       |       |     2 |       |       ||     2
Armor: Robe              |    13 |    21 |    48 |   136 |   243 |       |       |       ||   461
       Skin              |       |     9 |       |       |       |       |       |       ||     9
       Mottled dragon ar |       |       |       |       |     7 |   580 |   238 |   105 ||   930
Dodge: Dodged            |    55 |    71 |   227 |   734 |  1290 |  1644 |   945 |   410 ||  5376
       Deflected         |       |       |       |       |       |    76 |    26 |    25 ||   127
Block: Buckler           |       |       |       |       |    97 |   480 |   239 |    99 ||   915
